AoeStats
← Hilux Surf

Arena

509407500Analyzed
1v1 RM · 7d ago on Sep 26, 2026· 18m 45s· 2 players
Game mode
Random Map
Map size
Tiny (2 player)
Population
200
Speed
Normal
Resources
Standard
Victory
Conquest
Starting age
Dark Age
Ending age
Imperial Age
RankedLock teamsTeams togetherTeam positionsShared explorationLock speedFull tech treeHidden civsTurbo modeCheats
Victory
Defeat
🇦🇷 Khmer · Argentina
414
+15
🇨🇦 Japanese · Canada
384
-18
Hilux Surf
14:08 Feudal Age
12:25 Loom
14:38 Town Watch
15:30 Wheelbarrow
17:05 Double-Bit Axe
17:33 Horse Collar
DRO58912
12:24 Feudal Age
17:51 Castle Age
15:37 Loom
17:41 Double-Bit Axe
19:24 Bow Saw
Connection lost

Rejoining the realm…

Still unreachable

The connection could not be restored.

Session expired

The server has moved on; the page needs a fresh start.